 Dungeon Crawl Stone Soup version 0.28-a0-305-g9e858e973b (webtiles) character file.

Game seed: 11756898237972294255

72 Whiskey the Magician (level 4, -3/32 HPs)
             Began as a Djinni Fire Elementalist on Aug 29, 2021.
             Killed from afar by an orc wizard (5 damage)
             ... with a magic dart
             ... on level 2 of the Dungeon.
             The game lasted 00:07:45 (2042 turns).

Whiskey the Magician (Djinni Fire Elementalist)     Turns: 2042, Time: 00:07:45

Health: -3/32      AC:  4    Str:  7    XL:     4   Next: 48%
Gold:   101        EV: 13    Int: 17    God:
                   SH:  0    Dex: 14

rFire   + + .      SeeInvis .   f - +0 quarterstaff
rCold   x . .      Faith    .   (shield currently unavailable)
rNeg    . . .      Spirit   .   a - +0 robe
rPois   ∞          Reflect  .   o - +0 helmet
rElec   .          Harm     .   h - +0 cloak
rCorr   .          Rampage  .   (no gloves)
Will    +....                   (boots unavailable)
Stlth   ++........              (no amulet)
HPRegen 0.10/turn               m - ring of willpower
MPRegen 0.00/turn               (no ring)

@: flying
A: sickness immunity, fire resistance 2, cold vulnerability 1, float, innate
caster, hp casting, extra vitality 1
a: no special abilities


You were on level 2 of the Dungeon.
You visited 1 branch of the dungeon, and saw 3 of its levels.

You collected 101 gold pieces.

Inventory:

Hand Weapons
 b - a +0 short sword
   (You took it off a kobold on level 1 of the Dungeon)
 d - a +0 whip
   (You took it off a kobold on level 1 of the Dungeon)
 f - a +0 quarterstaff (weapon)
   (You found it on level 1 of the Dungeon)
Armour
 a - a +0 robe (worn)
 h - a +0 cloak (worn)
   (You found it on level 1 of the Dungeon)
 o - a +0 helmet (worn)
   (You found it on level 3 of the Dungeon)
Jewellery
 m - a ring of willpower (left hand)
   (You found it on level 2 of the Dungeon)
Scrolls
 g - 2 scrolls of identify {unknown}
 i - a scroll of blinking {unknown}
 l - a scroll of amnesia {unknown}
Potions
 c - a potion of invisibility {unknown}
 e - a potion of curing {unknown}
 j - a potion of mutation {unknown}
 k - a potion of lignification {unknown}
 n - a potion of heal wounds {unknown}
 p - a potion of haste {unknown}


   Skills:
 * Level 1.5 Fighting
 + Level 3.0 Dodging
 - Level 1.5 Stealth
 * Level 3.2 Spellcasting


You couldn't memorise any spells.
You knew the following spells:

 Your Spells              Type           Power      Damage    Failure   Level
a - Foxfire               Conj/Fire      52%        2x1d6     4%          1
b - Inner Flame           Hex/Fire       13%        N/A       14%         3
c - Conjure Flame         Conj/Fire      13%        6-21      14%         3
d - Magic Dart            Conj           52%        1d5       4%          1
f - Fireball              Conj/Fire      6%         3d5       77%         5
s - Sticky Flame          Conj/Fire      13%        2d4       41%         4
Your spell library was empty.

Dungeon Overview and Level Annotations

Branches:
Dungeon (3/15)

Altars:


Innate Abilities, Weirdness & Mutations

You are immune to sickness and miasma.
You are immune to poison.
Your flesh is very heat resistant. (rF++)
You are vulnerable to cold. (rC-)
You float through the air rather than walking.
You learn spells naturally, not from books.
Your magical power is your life essence.
You have superior vitality. (+4 HP)


Message History

The foxfire hits the rat.
You kill the rat!
You conjure some foxfire!
A magic dart appears from out of thin air!
The magic dart hits you.
You take 6 damage, and have 24/32 hp.
The foxfire hits the orc.
You kill the orc!
The foxfire hits something.
You conjure some foxfire!
An orc wizard comes into view. It is wielding a +1 dagger of venom.
You take 1 damage, and have 23/32 hp.
The foxfire hits something. x2
You conjure some foxfire!
The orc wizard gestures at you while chanting.
You take 1 damage, and have 22/32 hp.
The foxfire hits something but does no damage.
The foxfire hits something.
The orc wizard gestures at you while chanting.
The magic dart hits you!
You hear some strange, mumbled words.
Something tries to affect you, but you resist.
You take 10 damage, and have 12/32 hp.
MASSIVE DAMAGE!!
Okay, then.
A puff of flame appears from out of thin air!
The puff of flame hits you. You resist.
You take 1 damage, and have 12/32 hp.
A magic dart appears from out of thin air!
The magic dart hits you.
* * * LOW HITPOINT WARNING * * *
There is a stone staircase leading up here.
You take 5 damage, and have 7/32 hp.
You fly upwards.
Reactivating autopickup.
There is a stone staircase leading down here.
You start resting.
Health restored: 32 You fly downwards.
There is a stone staircase leading up here.
The orc wizard gestures at you while chanting.
The puff of flame hits you. You resist.
The orc wizard casts a spell.
The orc wizard flickers and vanishes!
Deactivating autopickup; reactivate with Ctrl-A.
You take 3 damage, and have 29/32 hp.
The orc wizard casts a spell at you. The puff of flame hits you. You resist.
There is a stone staircase leading up here.
You take 1 damage, and have 28/32 hp.
You hear some strange, mumbled words.
You are confused.
You fly upwards.
Reactivating autopickup.
There is a stone staircase leading down here.
You're too confused to move!
Something hits you.
Deactivating autopickup; reactivate with Ctrl-A.
You take 3 damage, and have 25/32 hp.
You bump into the rock wall.
Something hits you.
You take 4 damage, and have 21/32 hp.
Something hits you but does no damage.
You feel less confused.
You hear some strange, mumbled words.
You are confused.
Something hits you but does no damage. Something hits you.
You take 2 damage, and have 20/32 hp.
Something barely misses you.
You barely miss something. Something barely misses you.
You feel less confused. Something hits you.
You take 1 damage, and have 19/32 hp.
Something hits you.
You take 2 damage, and have 17/32 hp.
A magic dart appears from out of thin air!
The magic dart hits you.
You take 4 damage, and have 13/32 hp.
There is a stone staircase leading up here.
Something hits you.
You fly upwards.
Reactivating autopickup.
There is a stone staircase leading down here.
You take 3 damage, and have 11/32 hp.
You start resting.
Something hits you.
* * * LOW HITPOINT WARNING * * *
Deactivating autopickup; reactivate with Ctrl-A.
You take 4 damage, and have 7/32 hp.
Something barely misses you.
You fly downwards.
Reactivating autopickup.
There is a stone staircase leading up here.
You hear some strange, mumbled words.
Deactivating autopickup; reactivate with Ctrl-A.
Something tries to affect you, but you resist.
A magic dart appears from out of thin air!
The magic dart hits you.
* * * LOW HITPOINT WARNING * * *
You take 6 damage, and have 2/32 hp.
A magic dart appears from out of thin air!
The magic dart hits you.
You die...

..................#
................###
......######...###
......<..........#
......######{..#.#
......# #...#.# #######
#...#.# ##....#
###########...@#
#........####..#
#.............>###
#........#####...###
#...........##.#...##
#÷.......##.##......##
#...........##...8...#
###.._.......###..≈≈≈..#
#.................≈≈≈..#


There were no monsters in sight!

Vanquished Creatures
  3 adders (D:2)
  An orc (D:3)
  5 bats
  2 endoplasms (D:1)
  4 giant cockroaches
  7 goblins
  4 hobgoblins
  A quokka (D:1)
  4 ball pythons
  A ball python zombie (D:3)
  4 frilled lizards
  5 kobolds
  5 rats
46 creatures vanquished.

Vanquished Creatures (others)
  69 foxfires
69 creatures vanquished.

Grand Total: 115 creatures vanquished

Notes
Turn   | Place    | Note
-------+----------+-------------------------------------------
     0 | D:1      | Whiskey the Djinni Fire Elementalist began the quest for
                  | the Orb.
     0 | D:1      | Reached XP level 1. HP: 15/15 MP: 0/0
    67 | D:1      | Reached XP level 2. HP: 13/21 MP: 0/0
   639 | D:1      | Reached XP level 3. HP: 19/25 MP: 0/0
   639 | D:1      | Learned a level 1 spell: Magic Dart
   822 | D:1      | Reached skill level 3 in Spellcasting
  1170 | D:2      | Reached skill level 1 in Fighting
  1170 | D:2      | Reached XP level 4. HP: 29/32 MP: 0/0
  1222 | D:2      | Reached skill level 3 in Dodging
  1306 | D:2      | Found a faded altar of an unknown god.
  1753 | D:3      | HP: 7/32 [something/magic dart (5)]
  2030 | D:1      | HP: 7/32 [something (4)]
  2038 | D:2      | HP: 2/32 [something/magic dart (6)]
  2042 | D:2      | Killed from afar by an orc wizard

Illustrated notes

Levels and vault maps discovered:
D:1:      onia_arrival_handbag, layout_basic, minivault_26,
          minmay_misc_feat_pillars, item_on_display_a
D:2:      layout_basic, basic_ecumenical_altar, serial_park_tiny_pond,
          grunt_decor_one_mirror, chequers_garden
D:3:      layout_basic, serial_undead, serial_undead_b, serial_undead_d,
          serial_undead_b, serial_undead_a, serial_bayou_pond_c,
          hangedman_decor_points

Skill      XL: |  1  2  3  4 |
---------------+-------------+-----
Spellcasting   | 3 |  3.2
Fighting       | 1 |  1.5
Dodging        | 3 |  3.0
Stealth        | |  1.5

Action                   |  1- 3 |  4- 6 || total
-------------------------+-------+-------++-------
Melee: Quarterstaff      |    31 |     8 ||    39
       Whip              |     7 |       ||     7
 Cast: Foxfire           |    22 |    19 ||    41
 Stab: Sleeping          |     4 |       ||     4
Armor: Robe              |     6 |     5 ||    11
Dodge: Dodged            |    35 |     6 ||    41

Table legend: (Time is in decaauts)
 A = Elapsed time spent in this place.
 B = Non-inter-level travel time spent in this place.
 C = Inter-level travel time spent in this place.
 D = Time resting spent in this place.
 E = Time spent auto-exploring this place.
 F = Levels seen in this place.
 G = Mean time per level.
                   A        B        C        D        E       F      G
               +--------+--------+--------+--------+--------+-----+--------+
         Total |   2054 |   2026 |     28 |    303 |   1333 |   3 |  684.7 |
       Dungeon |   2054 |   2026 |     28 |    303 |   1333 |   3 |  684.7 |
               +--------+--------+--------+--------+--------+-----+--------+

Top non-repeatable levels by time:
     D:1: 1112 daAuts
     D:2: 884 daAuts
     D:3: 58 daAuts

Table legend:
 A = Kills in this place as a percentage of kills in entire the game.
 B = Kills by you in this place as a percentage of kills by you in the entire game.
 C = Kills by friends in this place as a percentage of kills by friends in the entire game.
 D = Other kills in this place as a percentage of other kills in the entire game.
 E = Experience gained in this place as a percentage of experience gained in the entire game.
 F = Experience gained in this place divided by the number of levels of this place that you have seen.
                   A       B       C       D       E      F
               +-------+-------+-------+-------+-------+----------------------
         Total | 100.0 | 100.0 |   N/A |   N/A | 100.0 |  34.3
       Dungeon | 100.0 | 100.0 |   N/A |   N/A | 100.0 |  34.3
               +-------+-------+-------+-------+-------+----------------------
